 Dungeon Crawl Stone Soup version 0.30-a0-1160-g6e42c06551 (webtiles) character file.

Game seed: 159454286221036341

101 holysushi the Cutter (level 4, -1/40 HPs)
             Began as an Octopode Enchanter on Apr 25, 2023.
             Slain by a scorpion (2 damage)
             ... on level 2 of the Dungeon.
             The game lasted 00:03:05 (1139 turns).

holysushi the Cutter (Octopode Enchanter)           Turns: 1139, Time: 00:03:05

Health: -1/40      AC:  1    Str:  7    XL:     4   Next: 75%
Magic:  1/7        EV: 13    Int: 17    God:
Gold:   60         SH:  0    Dex: 14    Spells: 5/7 levels left

rFire   . . .        a - +4 dagger (speed)
rCold   . . .        (no shield)
rNeg    . . .        (helmet restricted)
rPois   .            (no amulet)
rElec   .            (no ring)
rCorr   .            (no ring)
SInv    .            (no ring)
Will    .....        (no ring) Stlth
                     (no ring)
HPRegen 0.26/turn    (no ring)
MPRegen 0.10/turn    (no ring)
                     (no ring)

%: no passive effects
@: berserking, lethally poisoned (-1 -> -6), very slightly contaminated, very
quick
A: almost no armour, amphibious, 8 rings, camouflage 1, gelatinous body 1,
(nimble swimmer 1), tentacles
a: no special abilities


You were on level 2 of the Dungeon.
You visited 1 branch of the dungeon, and saw 2 of its levels.

You collected 60 gold pieces.

Inventory:

Hand Weapons
 a - a +4 dagger of speed (weapon)
 i - a +0 short sword
Armour
 e - a +0 buckler
Wands
 k - a wand of flame (12)
Scrolls
 g - 2 scrolls of teleportation {unknown}
 h - 2 scrolls of identify
Potions
 b - 2 potions of invisibility
 d - a potion of curing {unknown}
 f - a potion of flight
 j - a potion of cancellation {unknown}


   Skills:
 + Level 4.4 Short Blades
 - Level 2.0 Dodging
 - Level 4.0 Stealth
 - Level 2.0 Spellcasting
 - Level 3.0 Hexes


You had 5 spell levels left.
You knew the following spells:

 Your Spells              Type           Power      Damage    Failure   Level
a - Ensorcelled Hibernat  Hex/Ice        12%        N/A       16%         2

Your spell library contained the following spells:

 Spells                   Type           Power      Damage    Failure   Level
 Confusing Touch          Hex            11%        N/A       17%         3
 Tukima's Dance           Hex            11%        N/A       17%         3
 Dazzling Flash           Conj/Hex       12%        N/A       30%         3


Dungeon Overview and Level Annotations

Branches:
Dungeon (2/15) Zot: 10877

Altars:


Innate Abilities, Weirdness & Mutations

You cannot wear most types of armour.
You are amphibious.
You can wear up to eight rings at the same time.
Your skin changes colour to match your surroundings (Stealth+).
Your rubbery body absorbs attacks. (AC +1, EV +1)
((You are camouflaged when in or above water. (Stealth+)))
You have tentacles for arms and can constrict up to eight enemies at once.


Message History

You miscast Ensorcelled Hibernation.
You are very lightly contaminated with residual magic.
Nothing appears to happen.
The scorpion stings you!
You are poisoned.
The scorpion poisons you!
Casting: Ensorcelled Hibernation (safe; 16% risk of failure)
Confirm with . or Enter, or press ? or * to list all spells.
Aiming: Ensorcelled Hibernation (safe; 16% risk of failure)
Press: ? - help, Shift-Dir - straight line, f/p - scorpion
Aim: a scorpion (chance to affect: 39%)
The scorpion resists with some effort.
You feel sick. The scorpion stings you.
You are more poisoned.
The scorpion poisons you!
You hit the scorpion. Your grab misses the scorpion.
The scorpion is lightly wounded.
You feel sick.
The scorpion stings you but does no damage.
You hit the scorpion. You grab the scorpion.
The scorpion is moderately wounded.
You constrict the scorpion.
You feel sick. The scorpion stings you.
You hit the scorpion. You squeeze the scorpion.
The scorpion is severely wounded.
You constrict the scorpion, but do no damage.
You feel sick.
You barely miss the scorpion.
The scorpion is severely wounded.
You constrict the scorpion, but do no damage.
You feel sick. The scorpion misses you.
You hit the scorpion.
You squeeze the scorpion, but do no damage.
The scorpion is almost dead.
You constrict the scorpion, but do no damage.
You feel sick. The scorpion stings you!
* * * LOW HITPOINT WARNING * * *
It was a potion of berserk rage.
A red film seems to cover your vision as you go berserk!
You feel yourself moving faster!
You feel mighty!
You constrict the scorpion.
* * * LOW HITPOINT WARNING * * *
You feel sick. The scorpion stings you.
You die...

#......########
#.............#
#####.#........
#####.#........
#.............#
#.####..[.....#
#.###..######.#
#####..††.#######..
#>@s.......J.......
#############..####
...# ...# # .....
....## .J... s.#.##
.


You could see a scorpion.

Vanquished Creatures
  Jessica (D:2)
  3 adders (D:2)
  2 dart slugs (D:2)
  2 ball pythons (D:1)
  6 bats
  3 endoplasms
  4 giant cockroaches
  4 hobgoblins
  3 quokkas
  3 frilled lizards
  3 goblins
  5 kobolds
  5 rats
44 creatures vanquished.

Notes
Turn   | Place    | Note
-------+----------+-------------------------------------------
     0 | D:1      | holysushi the Octopode Enchanter began the quest for the
                  | Orb.
     0 | D:1      | Reached XP level 1. HP: 11/11 MP: 3/3
   104 | D:1      | Reached XP level 2. HP: 17/17 MP: 5/5
   122 | D:1      | Learned a level 2 spell: Ensorcelled Hibernation
   541 | D:1      | Reached XP level 3. HP: 21/21 MP: 6/6
   776 | D:2      | Noticed Jessica
   781 | D:2      | Killed Jessica
   782 | D:2      | Reached XP level 4. HP: 27/27 MP: 4/7
  1113 | D:2      | Noticed a scorpion
  1138 | D:2      | HP: 1/27 [scorpion (8)]
  1139 | D:2      | Slain by a scorpion

Illustrated notes

Levels and vault maps discovered:
D:1:      dpeg_arrival_renting, layout_basic
D:2:      layout_basic, due_unseen_surprise, uniq_jessica

Skill      XL: |  1  2  3  4 |
---------------+-------------+-----
Short Blades   | 2 3 4 |  4.4
Dodging        | |  2.0
Stealth        | |  4.0
Spellcasting   | |  2.0
Hexes          | |  3.0

Action                     |  1- 3 |  4- 6 || total
---------------------------+-------+-------++-------
  Melee: Dagger            |    50 |    25 ||    75
         Constrict         |    11 |     6 ||    17
         Tentacles         |     4 |     6 ||    10
   Cast: Ensorcelled Hiber |     3 |     2 ||     5
    Use: Scroll            |     4 |       ||     4
         Potion            |       |     1 ||     1
   Stab: Sleeping          |    13 |     9 ||    22
 Armour: Skin              |     5 |     1 ||     6
  Dodge: Dodged            |    35 |     4 ||    39

Table legend: (Time is in decaauts)
 A = Elapsed time spent in this place.
 B = Non-inter-level travel time spent in this place.
 C = Inter-level travel time spent in this place.
 D = Time resting spent in this place.
 E = Time spent auto-exploring this place.
 F = Levels seen in this place.
 G = Mean time per level.
                   A        B        C        D        E       F      G
               +--------+--------+--------+--------+--------+-----+--------+
         Total |   1121 |   1088 |     33 |     85 |    596 |   2 |  560.5 |
       Dungeon |   1121 |   1088 |     33 |     85 |    596 |   2 |  560.5 |
               +--------+--------+--------+--------+--------+-----+--------+

Top non-repeatable levels by time:
     D:1: 689 daAuts
     D:2: 432 daAuts
